 Dungeon Crawl Stone Soup version 0.31-a0-1496-g79c7dd0eeb (webtiles) character file.

Game seed: 2283577810887703644

266 Flugkiller the Apothecary (level 6, -2/36 HPs)
             Began as an Octopode Alchemist on Dec 29, 2023.
             Slain by a phantom (3 damage)
             ... on level 5 of the Dungeon.
             The game lasted 00:06:43 (1032 turns).

Flugkiller the Apothecary (Octopode Alchemist)      Turns: 1032, Time: 00:06:44

Health: -2/36      AC:  1    Str:  8    XL:     6   Next: 20%
Magic:  2/9        EV: 13    Int: 19    God:
Gold:   132        SH:  0    Dex: 12    Spells: 4/9 levels left

rFire   . . .        e - +0 rapier
rCold   . . .        (no shield)
rNeg    . . .        (helmet restricted)
rPois   .            (no amulet)
rElec   .            (no ring)
rCorr   .            (no ring)
SInv    .            (no ring)
Will    +....        (no ring)
Stlth   +++          (no ring)
HPRegen 0.26/turn    (no ring)
MPRegen 0.11/turn    (no ring)
                     (no ring)

%: no passive effects
@: lethally poisoned (-2 -> -5), enlightened, flying
A: almost no armour, amphibious, 8 rings, camouflage 1, gelatinous body 1,
(nimble swimmer 1), tentacles
a: no special abilities


You were on level 5 of the Dungeon.
You visited 1 branch of the dungeon, and saw 5 of its levels.

You collected 176 gold pieces.
You spent 44 gold pieces at shops.

Inventory:

Hand Weapons
 b - a +1 dagger of venom
   (You took it off a goblin on level 3 of the Dungeon)
 e - a +0 rapier (weapon)
   (You found it on level 1 of the Dungeon)
Jewellery
 k - a ring of ice
   (You found it on level 4 of the Dungeon)
Talismans
 f - a beast talisman
   (You found it on level 1 of the Dungeon)
Wands
 j - a wand of charming (6)
   (You found it on level 3 of the Dungeon)
Scrolls
 c - 2 scrolls of fog
 d - a scroll of fear
 o - a scroll of brand weapon
 t - a scroll of teleportation
 z - a scroll of blinking
Potions
 a - a potion of magic
 g - a potion of berserk rage
 h - 2 potions of haste
 l - a potion of mutation
 n - a potion of might {unknown}


   Skills:
 - Level 2.0 Dodging
 - Level 2.6 Stealth
 - Level 2.0 Spellcasting
 - Level 1.0 Conjurations
 + Level 7.4 Alchemy


You had 4 spell levels left.
You knew the following spells:

 Your Spells              Type           Power      Damage    Failure   Level
a - Sting                 Conj/Alch      68%        1d7       3%          1
b - Olgreb's Toxic Radia  Alch           30%        N/A       8%          4

Your spell library contained the following spells:

 Spells                   Type           Power      Damage    Failure   Level
 Mercury Vapours          Alch/Air       32%        N/A       5%          2
 Mephitic Cloud           Conj/Alch/Air  12%        N/A       16%         3
 Necrotise                Necr           4%         1d4       17%         1
 Slow                     Hex            4%         N/A       17%         1
 Sticky Flame             Fire/Alch      16%        2d5       36%         4
 Confusing Touch          Hex            1%         N/A       45%         3
 Fugue of the Fallen      Necr           1%         N/A       45%         3
 Ozocubu's Armour         Ice            1%         N/A       45%         3
 Sigil of Binding         Hex            1%         N/A       45%         3
 Vampiric Draining        Necr           1%         2d6       45%         3
 Manifold Assault         Tloc           1%         N/A       86%         4
 Martyr's Knell           Necr/Summ      1%         N/A       86%         4
 Curse of Agony           Necr           1%         N/A       99%         5


Dungeon Overview and Level Annotations

Branches:
Dungeon (5/15) Zot: 26933
 Temple: D:4-7

Altars:

Shops:
D:2 !   D:3 ?

Annotations:
D:2 Terence


Innate Abilities, Weirdness & Mutations

You cannot wear most types of armour.
You are amphibious.
You can wear up to eight rings at the same time.
Your skin changes colour to match your surroundings (Stealth+).
Your rubbery body absorbs attacks. (AC +1, EV +1)
((You are camouflaged when in or above water. (Stealth+)))
You have tentacles for arms and can constrict up to eight enemies at once.


Message History

Aiming: Sting (safe; 3% risk of failure)
Press: ? - help, Shift-Dir - straight line, f/p - hound
Aim: a hound (moderately wounded, poisoned, 64% to hit)
You miscast Sting.
You are very lightly contaminated with residual magic.
Nothing appears to happen.
The adder closely misses you. The hound misses you.
The adder bites you but does no damage.
You hit the hound but do no damage. You grab the hound.
Your squeeze misses the hound.
The hound is moderately wounded.
You constrict the hound. The hound bites you. x2
The adder closely misses you.
You barely miss the adder. Your grab misses the adder.
The adder is almost dead.
You constrict the hound, but do no damage.
You kill the adder!
The hound bites you. The hound misses you.
You hit the hound.
The hound is almost dead.
You constrict the hound. The hound completely misses you. The hound bites you.
You are too injured to fight recklessly!
Casting: Sting (safe; 3% risk of failure)
Confirm with . or Enter, or press ? or * to list all spells.
Aiming: Sting (safe; 3% risk of failure)
Press: ? - help, Shift-Dir - straight line, f/p - hound
Aim: a hound (almost dead, constricted by you, poisoned, 98% to hit)
The sting hits the hound.
The hound looks even sicker.
You kill the hound!
The howler monkey closely misses you.
Your Alchemy skill increases to level 7!
You have reached level 6!
You hit the howler monkey. You grab the howler monkey.
The howler monkey is moderately wounded.
You constrict the howler monkey.
The howler monkey hoots and howls with incredible vigour!
An adder comes into view.
The adder hisses angrily.
You hear a shout! x3; You hear an angry hiss.
You hear a shout! x3
Your magical contamination has completely faded away.
You hit the howler monkey.
The howler monkey is heavily wounded.
You constrict the howler monkey, but do no damage.
The howler monkey hits you but does no damage.
The howler monkey hoots and howls with incredible vigour!
You hear a shout!
You hear an angry hiss.
You hear a shout!
You puncture the howler monkey!
The howler monkey is almost dead.
You constrict the howler monkey, but do no damage.
The howler monkey hits you but does no damage.
Unknown command.
You hit the howler monkey.
You kill the howler monkey!
Casting: Sting (safe; 3% risk of failure)
Confirm with . or Enter, or press ? or * to list all spells.
Aiming: Sting (safe; 3% risk of failure)
Press: ? - help, Shift-Dir - straight line, f - adder
Aim: an adder (57% to hit)
You miscast Sting.
You are very lightly contaminated with residual magic.
Nothing appears to happen.
A phantom comes into view.
You closely miss the adder. Your grab misses the adder.
The adder closely misses you. x2
You barely miss the adder. Your grab misses the adder. The adder bites you.
You are poisoned.
The adder poisons you!
You are too injured to fight recklessly!
You are too injured to fight recklessly!
You hit the adder. Your grab misses the adder.
The adder is lightly wounded.
You feel sick. The adder bites you.
You are more poisoned.
The adder poisons you! The adder closely misses you.
You hit the adder. Your grab misses the adder.
The adder is moderately wounded.
You feel sick. The adder bites you.
Unknown command.
Okay, then.
Okay, then.
As you read the scroll of butterflies, it crumbles to dust.
You hear the flapping of tiny wings.
The phantom is knocked back by the sudden gust.
The adder is knocked back by the sudden gust.
You feel sick. The adder misses you.
Your magical contamination has completely faded away.
Unknown command.
You swap places.
You feel sick.
The adder closely misses your butterfly.
The phantom attacks as it pursues you! The phantom hits you.
* * * LOW HITPOINT WARNING * * *
The phantom blinks!
You blink.
Unknown command.
It was a potion of enlightenment.
You feel very buoyant.
You fly up into the air.
* * * LOW HITPOINT WARNING * * *
You feel sick. The adder bites you.
* * * LOW HITPOINT WARNING * * *
The phantom hits you.
You die...

......##...........#.....
.#..## #.......b......!..
##. #..#b.bb...#..... #
##..#bbbbb###....
#..##bb.b## ....
##bb#bb.†.##.....
#bb§bbbb........
.....#bW.S##...... ...
#bb@b# ###.#. . #.b### ##


.bbb.b ...bb... ...$.b.. #.......# ##..... ....#. You could see a phantom (ally
target) and an adder (ally target).

Vanquished Creatures
  A howler monkey (D:5)
  5 hounds
  3 gnolls (D:4)
  An adder (D:5)
  4 ball pythons
  3 bats
  5 endoplasms
  5 giant cockroaches
  3 goblins
  4 hobgoblins
  A quokka (D:5)
  A frilled lizard (D:1)
  2 kobolds
  4 rats
42 creatures vanquished.

Notes
Turn   | Place    | Note
-------+----------+-------------------------------------------
     0 | D:1      | Flugkiller the Octopode Alchemist began the quest for the
                  | Orb.
     0 | D:1      | Reached XP level 1. HP: 11/11 MP: 3/3
   121 | D:2      | Found Muqib's Distillery.
   197 | D:2      | Noticed Terence
   231 | D:2      | Reached XP level 2. HP: 14/17 MP: 0/5
   235 | D:2      | Reached skill level 4 in Alchemy
   506 | D:3      | Reached XP level 3. HP: 19/21 MP: 2/6
   506 | D:3      | Found a faded altar of an unknown god.
   603 | D:3      | Found Fiongor's Magic Scroll Emporium.
   623 | D:3      | Bought a scroll of butterflies for 44 gold pieces
   721 | D:4      | Reached skill level 5 in Alchemy
   722 | D:4      | HP: 1/21 [gnoll/+1 whip of holy wrath (3)]
   775 | D:4      | Reached XP level 4. HP: 16/27 MP: 4/7
   782 | D:4      | Learned a level 4 spell: Olgreb's Toxic Radiance
   922 | D:4      | Reached skill level 6 in Alchemy
   922 | D:4      | Reached XP level 5. HP: 24/31 MP: 3/8
   969 | D:5      | Entered Level 5 of the Dungeon
  1019 | D:5      | Reached skill level 7 in Alchemy
  1019 | D:5      | Reached XP level 6. HP: 21/36 MP: 1/9
  1032 | D:5      | HP: 1/36 [adder (3)]
  1032 | D:5      | Slain by a phantom

Illustrated notes

Levels and vault maps discovered:
D:1:      spicycebolla_arrival_xxxplode, layout_basic, st_stairs_3
D:2:      layout_basic, serial_shops, shop, uniq_sigmund, uniq_terence
D:3:      layout_basic, nicolae_ru_the_path_less_chosen, serial_shops,
          nicolae_shop_window_shopping, basic_ecumenical_altar,
          minmay_misc_feat_rows, minmay_misc_feat_roman
D:4:      nicolae_cairo_tiling, layout_rooms
D:5:      layout_cave_pools, kennysheep_little_box

Skill      XL: |  1  2  3  4  5 |
---------------+----------------+-----
Alchemy        | 4 5 6 7 |  7.4
Dodging        | |  2.0
Stealth        | |  2.6
Spellcasting   | |  2.0
Conjurations   | |  1.0

Action                     |  1- 3 |  4- 6 || total
---------------------------+-------+-------++-------
  Melee: Unarmed           |    16 |       ||    16
         Tentacles         |     6 |     2 ||     8
         Constrict         |     7 |     5 ||    12
         Rapier            |    13 |    21 ||    34
   Cast: Sting             |    34 |    26 ||    60
    Use: Scroll            |     7 |     4 ||    11
         Potion            |     1 |     1 ||     2
   Stab: Sleeping          |     2 |       ||     2
 Armour: Skin              |    17 |    24 ||    41
  Dodge: Dodged            |    35 |    24 ||    59

Table legend: (Time is in decaauts)
 A = Elapsed time spent in this place.
 B = Non-inter-level travel time spent in this place.
 C = Inter-level travel time spent in this place.
 D = Time resting spent in this place.
 E = Time spent auto-exploring this place.
 F = Levels seen in this place.
 G = Mean time per level.
                   A        B        C        D        E       F      G
               +--------+--------+--------+--------+--------+-----+--------+
         Total |   1037 |   1003 |     34 |      0 |     10 |   5 |  207.4 |
       Dungeon |   1037 |   1003 |     34 |      0 |     10 |   5 |  207.4 |
               +--------+--------+--------+--------+--------+-----+--------+

Top non-repeatable levels by time:
     D:4: 287 daAuts
     D:1: 261 daAuts
     D:3: 224 daAuts
     D:2: 199 daAuts
     D:5: 65 daAuts
